 Dungeon Crawl Stone Soup version 0.29.1-2-gbd0b4ee654 (webtiles) character file.

Game seed: 1149194406541018800

132 KittyFluff the Trooper (level 5, -5/33 HPs)
             Began as a Gargoyle Berserker on Nov 23, 2022.
             Was a Believer of Trog.
             Slain by Pikel
             ... wielding a +0 whip of flaming
              (6 damage)
             ... on level 4 of the Dungeon.
             The game lasted 00:14:51 (3903 turns).

KittyFluff the Trooper (Gargoyle Berserker)         Turns: 3903, Time: 00:14:52

Health: -5/33      AC:  8    Str: 21    XL:     5   Next: 15%
Magic:  5/5        EV: 12    Int:  7    God:    Trog [**....]
Gold:   163        SH:  0    Dex: 11    Spells: 4/4 levels left

rFire   . . .      SeeInvis .   a - +0 mace
rCold   . . .      Faith    .   (no shield)
rNeg    + . .      Spirit   .   v - +0 leather armour
rPois   ∞          Reflect  .   (no helmet)
rElec   +          Harm     .   (no cloak)
rCorr   .          Rampage  .   (no gloves)
Will    .....                   h - +0 pair of boots
Stlth   +.........              (no amulet)
HPRegen 0.11/turn               (no ring)
MPRegen 0.09/turn               (no ring)

@: on berserk cooldown, slowed, very slow
A: sickness immunity, AC +4, negative energy resistance 1, electricity
resistance, torment resistance 1, petrification resistance
a: Renounce Religion, Berserk, Trog's Hand


You were on level 4 of the Dungeon.
You worshipped Trog.
Trog was pleased with you.
You visited 1 branch of the dungeon, and saw 4 of its levels.

You collected 163 gold pieces.

Inventory:

Hand Weapons
 a - a +0 mace (weapon)
 p - a +0 sling
Missiles
 c - 6 poisoned darts (quivered)
 d - 3 curare-tipped darts
 j - 4 atropa-tipped darts
Armour
 h - a +0 pair of boots (worn)
 v - a +0 leather armour (worn)
Magical Staves
 f - a staff of death
Scrolls
 e - a scroll of vulnerability {unknown}
 g - a scroll of teleportation {unknown}
 q - a scroll of acquirement {unknown}
 r - a scroll of immolation {unknown}
Potions
 b - a potion of attraction
 i - a potion of ambrosia
 l - 2 potions of flight
 m - a potion of might {unknown}
 n - a potion of resistance {unknown}
 o - 2 potions of curing
 s - a potion of lignification {unknown}
 u - a potion of degeneration {unknown}


   Skills:
 + Level 4.1 Fighting
 + Level 4.1 Maces & Flails
 * Level 3.1 Armour
 + Level 2.2 Dodging
 + Level 1.0 Stealth


You had 4 spell levels left.
You didn't know any spells.
Your spell library was empty.

Dungeon Overview and Level Annotations

Branches:
Dungeon (4/15)             Temple (0/1) D:4

Altars:
Ashenzari

Annotations:
D:4 Pikel


Innate Abilities, Weirdness & Mutations

You are immune to sickness and miasma.
Your stone body is resilient. (AC +4)
You are immune to poison.
You resist negative energy. (rN+)
You are resistant to electric shocks. (rElec)
You are resistant to unholy torment.
You are immune to petrification.


Message History

Pikel hits you but does no damage.
You hit Pikel.
Pikel is lightly wounded.
You thump Pikel!
Pikel is heavily wounded.
Pikel hits you but does no damage.
You closely miss Pikel.
Pikel is heavily wounded.
Pikel closely misses you.
You barely miss Pikel.
Pikel is heavily wounded.
Pikel cracks his whip.
Pikel hits you with a +0 whip of flaming.
Pikel burns you.
You hit Pikel but do no damage.
Pikel is heavily wounded.
Pikel hits you with a +0 whip of flaming.
* * * LOW HITPOINT WARNING * * *
Pikel burns you.
* * * LOW HITPOINT WARNING * * *
You hit Pikel.
Pikel is heavily wounded.
You hit Pikel.
Pikel is heavily wounded.
Pikel hits you with a +0 whip of flaming!
* * * LOW HITPOINT WARNING * * *
Pikel burns you.
* * * LOW HITPOINT WARNING * * *
You closely miss Pikel.
Pikel is heavily wounded.
You are no longer berserk.
You are exhausted.
You feel yourself slow down. Pikel barely misses you.
You hit Pikel but do no damage.
Pikel is heavily wounded.
Pikel hits you but does no damage. Pikel barely misses you.
You hit Pikel.
Pikel is severely wounded.
Pikel hits you with a +0 whip of flaming.
You die...

#.#
#.......#
#.# #.# #.
.....# #.#
#.#
#.##....#
#.# #.#
#..#....#
#.# #.#
#..#.....
#.# ##.#
#....5<5.
#.# #!.#
#.##....#
#.# #.##..
#....#
#@###.##.
#....#
#K##..## #
##.###
#5##.## .#
#.# #5##.#
#.# #.#
#5##.##..#
#.##
###.#)....#
#..#
#.........#
##.#
#.........#
#.#
#..÷......#
#.##


You could see Pikel and 3 lemures.

Vanquished Creatures
  A lemure (D:4)
  3 adders
  5 worms
  2 dart slugs (D:1)
  7 orcs (D:3)
  6 ball pythons
  10 endoplasms
  4 giant cockroaches
  6 goblins
  5 hobgoblins
  8 jackals
  4 kobolds
  4 quokkas
  4 bats
  3 rats (D:1)
72 creatures vanquished.

Vanquished Creatures (others)
  4 plants (D:4)
4 creatures vanquished.

Grand Total: 76 creatures vanquished

Notes
Turn   | Place    | Note
-------+----------+-------------------------------------------
     0 | D:1      | KittyFluff the Gargoyle Berserker began the quest for the
                  | Orb.
     0 | D:1      | Reached XP level 1. HP: 14/14 MP: 1/1
   131 | D:1      | Reached XP level 2. HP: 11/19 MP: 2/2
   757 | D:1      | Reached XP level 3. HP: 24/24 MP: 3/3
  1258 | D:2      | Found a faded altar of an unknown god.
  1281 | D:2      | Reached ** piety under Trog
  1952 | D:2      | Reached XP level 4. HP: 26/29 MP: 4/4
  2389 | D:3      | Found a broken altar of Ashenzari.
  2479 | D:3      | Reached skill level 1 in Stealth
  2700 | D:3      | Reached XP level 5. HP: 33/33 MP: 5/5
  3502 | D:4      | Found a staircase to the Ecumenical Temple.
  3620 | D:4      | Noticed a lemure
  3621 | D:4      | Noticed Pikel
  3625 | D:4      | Noticed a lemure
  3626 | D:4      | Noticed a lemure
  3632 | D:4      | Noticed a lemure
  3667 | D:4      | Killed a lemure
  3900 | D:4      | HP: 2/49 [Pikel/+0 whip of flaming (9)]
  3903 | D:4      | Slain by Pikel

Illustrated notes

Levels and vault maps discovered:
D:1:      sevenhm_arrival_forest_fort_small_5, layout_basic, dk_noncrumbling_3
D:2:      layout_basic, chequers_ecumenical_altar_island
D:3:      layout_basic, evilmike_ruin_ashenzari, kennysheep_generic_room_11
D:4:      layout_rooms, nzn_wu_jian_contemplation,
          minmay_temple_entry_gardened_gates, uniq_sigmund, uniq_natasha,
          uniq_pikel

Skill      XL: |  1  2  3  4 |
---------------+-------------+-----
Fighting       | 4 |  4.1
Dodging        | 2 |  2.2
Stealth        | 1 |  1.0
Maces & Flails | 4 |  4.1
Armour         | 3 |  3.1

Action                   |  1- 3 |  4- 6 || total
-------------------------+-------+-------++-------
Melee: Mace              |   121 |   134 ||   255
       Punch             |     2 |     2 ||     4
Invok: Berserk           |       |     2 ||     2
  Use: Scroll            |       |     7 ||     7
       Potion            |       |     1 ||     1
 Stab: Sleeping          |     1 |       ||     1
Armor: Animal skin       |    56 |    29 ||    85
       Leather armour    |       |    13 ||    13
Dodge: Dodged            |    78 |    57 ||   135
